[Event "Titled Tuesday Blitz March 21 Early 2023"]
[White "Gontcharov, Vladislav"]
[Black "Navara, David"]
[WhiteFideId "4123492"]
[BlackFideId "309095"]
[WhiteElo "2470"]
[BlackElo "2675"]
[Result "0-1"]
[Round "02"]
[TimeControl "180+2"]
[Date "2023.03.21"]
[WhiteClock "0:00:08"]
[BlackClock "0:01:38"]

1. d4 Nf6 2. c4 e6 3. Nc3 Bb4 4. e3 O-O 5. Bd3 d5 6. Nf3 b6 7. O-O Bb7 8. a3 Bd6 9. b4 dxc4 10. Bxc4 a5 11. Rb1 axb4 12. axb4 Ne4 13. Ne2 Nd7 14. Qc2 Ndf6 15. Bd3 h6 16. Ng3 Nxg3 17. hxg3 Nd5 18. Bd2 Qe7 19. b5 Ra3 20. Rfc1 Rfa8 21. Ne5 Ra2 22. Rb2 Rxb2 23. Qxb2 Ba3 24. Qb1 Bxc1 25. Qxc1 Qa3 26. Qf1 Qa1 27. g4 Nc3 28. Qxa1 Rxa1+ 29. Kh2 Ne4 30. Bxe4 Bxe4 31. f3 f6 32. fxe4 fxe5 33. Kg3 Rb1 34. dxe5 Rxb5 35. Kf4 g5+ 36. Kf3 Rb2 37. Bc3 Rc2 38. Bd4 c5 39. Ba1 c4 40. g3 c3 41. Bb2 h5 42. Ba3 h4 43. gxh4 gxh4 0-1


[Site "https://www.chess.com"]

[Event "Titled Tuesday Blitz March 21 Early 2023"]
[White "Tillyaev, Ulugbek"]
[Black "Ibarra Jerez, Jose Carlos"]
[WhiteFideId "14202441"]
[BlackFideId "2226332"]
[WhiteElo "2377"]
[BlackElo "2638"]
[Result "1-0"]
[Round "02"]
[TimeControl "180+2"]
[Date "2023.03.21"]
[WhiteClock "0:02:10"]
[BlackClock "0:00:08"]

1. e4 c5 2. d4 cxd4 3. c3 Nf6 4. e5 Nd5 5. Qxd4 e6 6. Nf3 Nc6 7. Qg4 Qc7 8. Qg3 Nde7 9. Bd3 Ng6 10. Bxg6 hxg6 11. O-O b6 12. Nbd2 Ba6 13. Re1 Be7 14. Ne4 Rh5 15. Bg5 Bxg5 16. Nd6+ Kf8 17. Nxg5 Nxe5 18. Ndxf7 Rxg5 19. Nxg5 1-0


[Site "https://www.chess.com"]

[Event "Titled Tuesday Blitz March 21 Early 2023"]
[White "Grigoriants, Sergey"]
[Black "Filgueira, Hernan"]
[WhiteFideId "4130804"]
[BlackFideId "101770"]
[WhiteElo "2502"]
[BlackElo "2363"]
[Result "1-0"]
[Round "02"]
[TimeControl "180+2"]
[Date "2023.03.21"]
[WhiteClock "0:00:19"]
[BlackClock "0:00:19"]

1. d4 d5 2. c4 e6 3. Nc3 c6 4. e3 Nf6 5. Nf3 a6 6. b3 Bb4 7. Bd2 Bd6 8. Bd3 O-O 9. O-O c5 10. Rc1 Qe7 11. cxd5 exd5 12. dxc5 Bxc5 13. h3 Nc6 14. Ne2 Rd8 15. Bc3 Ba7 16. Ned4 Ne4 17. Nxc6 bxc6 18. Bb2 c5 19. Qe2 a5 20. Rfd1 Bb7 21. Ne5 Nf6 22. Ng4 Ne4 23. Ne5 Nf6 24. Ba6 Rac8 25. Bxb7 Qxb7 26. Nd3 d4 27. exd4 cxd4 28. Rxc8 Rxc8 29. Nf4 Qc7 30. Bxd4 Bxd4 31. Rxd4 Qc1+ 32. Qd1 Qxd1+ 33. Rxd1 g6 34. Nd5 Kg7 35. Nxf6 Kxf6 36. Rd4 Rc1+ 37. Kh2 Rc2 38. Ra4 Rc5 39. g4 h5 40. Kg3 hxg4 41. hxg4 g5 42. Kf3 Ke5 43. Ke3 f5 44. gxf5 Kxf5 45. Rc4 Re5+ 46. Kd4 Re2 47. Rc5+ Kf4 48. Rxa5 Rxf2 49. Ra8 Rd2+ 50. Kc3 Rd5 51. Rf8+ Ke3 52. Rg8 Kf4 53. Kc4 Rf5 54. b4 g4 55. b5 Rg5 56. Rxg5 Kxg5 57. b6 g3 58. b7 g2 59. b8=Q Kh4 60. Qh2+ 1-0


[Site "https://www.chess.com"]

[Event "Titled Tuesday Blitz March 21 Early 2023"]
[White "Mustafayev, Farid"]
[Black "Bachmann, Axel"]
[WhiteFideId "13408771"]
[BlackFideId "3700488"]
[WhiteElo "2269"]
[BlackElo "2605"]
[Result "0-1"]
[Round "02"]
[TimeControl "180+2"]
[Date "2023.03.21"]
[WhiteClock "0:01:31"]
[BlackClock "0:00:57"]

1. c4 e5 2. Nc3 Bb4 3. g3 Bxc3 4. bxc3 d6 5. Bg2 Ne7 6. Ba3 Nbc6 7. c5 d5 8. Nf3 O-O 9. O-O Bf5 10. d3 Qd7 11. Nd2 Bh3 12. Rb1 Rab8 13. c4 Bxg2 14. Kxg2 d4 15. Nf3 h6 16. Qc2 f5 17. e3 dxe3 18. fxe3 f4 19. e4 fxg3 20. hxg3 Ng6 21. Bc1 Qg4 22. Nh2 Nh4+ 23. Kh1 Rxf1+ 24. Nxf1 Rf8 25. Be3 Rxf1+ 26. Rxf1 Qh3+ 27. Kg1 Qxg3+ 28. Kh1 Qh3+ 29. Kg1 Qxe3+ 30. Rf2 Nd4 31. Qb2 Nhf3+ 32. Kg2 Qg5+ 33. Kh3 Qh4+ 34. Kg2 Qh2+ 35. Kf1 Qg1# 0-1


[Site "https://www.chess.com"]

[Event "Titled Tuesday Blitz March 21 Early 2023"]
[White "Decuigniere, Tom"]
[Black "Moroni, Luca Jr"]
[WhiteFideId "26093820"]
[BlackFideId "865834"]
[WhiteElo "2312"]
[BlackElo "2569"]
[Result "0-1"]
[Round "02"]
[TimeControl "180+2"]
[Date "2023.03.21"]
[WhiteClock "0:00:04"]
[BlackClock "0:00:03"]

1. c4 g6 2. g3 Bg7 3. Bg2 d6 4. Nc3 Nc6 5. d3 e5 6. Rb1 Nge7 7. b4 O-O 8. e3 f5 9. Nge2 Qe8 10. Nd5 Nxd5 11. cxd5 Ne7 12. Qc2 c6 13. dxc6 bxc6 14. b5 Bd7 15. Ba3 c5 16. Bxa8 Qxa8 17. e4 fxe4 18. dxe4 Bh3 19. Nc3 Kh8 20. Rd1 Nc8 21. Nd5 Qb7 22. Qd3 Nb6 23. Nxb6 axb6 24. Rd2 Qa8 25. f3 g5 26. g4 d5 27. exd5 Rf4 28. Bb2 Qf8 29. Rf2 e4 30. Qd2 exf3 31. Bxg7+ Kxg7 32. Kd1 Bxg4 33. Re1 Qf5 34. Kc1 Rc4+ 35. Kb2 Qf6+ 36. Kb1 Rb4+ 37. Kc2 Bf5+ 38. Kd1 Rb1+ 39. Qc1 Rxc1+ 40. Kxc1 Qc3+ 41. Kd1 Qd3+ 42. Rd2 Qb1# 0-1


[Site "https://www.chess.com"]

[Event "Titled Tuesday Blitz March 21 Early 2023"]
[White "Jeet, Jain"]
[Black "Dardha, Daniel"]
[WhiteFideId "5073022"]
[BlackFideId "240990"]
[WhiteElo "2067"]
[BlackElo "2581"]
[Result "0-1"]
[Round "02"]
[TimeControl "180+2"]
[Date "2023.03.21"]
[WhiteClock "0:00:03"]
[BlackClock "0:01:01"]

1. Nf3 b6 2. g3 Bb7 3. Bg2 g5 4. O-O g4 5. Nh4 Bxg2 6. Nxg2 h5 7. e4 c5 8. d4 cxd4 9. Qxd4 Nf6 10. e5 Nc6 11. Qc3 Nd5 12. Qd3 Ndb4 13. Qe4 d5 14. exd6 Qxd6 15. a3 Qd5 16. Qxd5 Nxd5 17. Nf4 O-O-O 18. Nxd5 Rxd5 19. Nc3 Rd7 20. Be3 Bg7 21. Rad1 Bxc3 22. bxc3 Rhd8 23. Rxd7 Kxd7 24. f3 Ne5 25. fxg4 hxg4 26. Bd4 Nf3+ 27. Kg2 e5 28. Be3 Rc8 29. Rd1+ Ke6 30. h4 Rxc3 31. Bf2 Rxc2 32. Rd8 Nd2 33. Be1 Ne4+ 34. Kf1 Rh2 35. Ra8 Rh1+ 36. Ke2 Rh3 37. Rxa7 Nxg3+ 38. Bxg3 Rxg3 39. Ra6 Kf5 40. a4 Ra3 41. Ra7 f6 42. h5 b5 43. h6 bxa4 44. h7 Rh3 45. Kf2 Kg6 46. Rxa4 Rxh7 47. Rxg4+ Kf5 48. Ra4 Rg7 49. Kf3 Rb7 50. Ra3 Rb4 51. Ke3 Rh4 52. Ra8 Rh3+ 53. Kf2 Kf4 54. Rf8 f5 55. Rb8 e4 56. Ra8 Rh2+ 57. Kg1 Rb2 58. Ra3 Kg4 59. Kf1 f4 60. Rc3 e3 61. Rc8 Kf3 62. Rc1 Rg2 63. Rc3 Rh2 64. Kg1 Ra2 65. Rc1 Ke2 66. Rb1 f3 67. Kh2 Kf2 68. Rb7 e2 0-1


[Site "https://www.chess.com"]

[Event "Titled Tuesday Blitz March 21 Early 2023"]
[White "Costachi, Mihnea"]
[Black "Safin, Robert"]
[WhiteFideId "1217518"]
[BlackFideId "34189120"]
[WhiteElo "2456"]
[BlackElo "2245"]
[Result "1-0"]
[Round "02"]
[TimeControl "180+2"]
[Date "2023.03.21"]
[WhiteClock "0:00:50"]
[BlackClock "0:00:04"]

1. d4 Nf6 2. c4 e6 3. Nf3 d5 4. Nc3 c5 5. cxd5 cxd4 6. Qxd4 exd5 7. Bg5 Be7 8. e3 h6 9. Bh4 O-O 10. Be2 Nc6 11. Qd1 Qb6 12. Qb3 Rd8 13. Qxb6 axb6 14. O-O d4 15. exd4 Nxd4 16. Bd1 Bg4 17. Nxd4 Rxd4 18. Bxg4 Rxg4 19. Bg3 Bc5 20. Rfd1 Ne4 21. Nxe4 Rxe4 22. Rd2 Rd4 23. Re2 Rxa2 24. Rc1 Rb4 25. Be5 Bd4 26. Bxd4 Rxd4 27. g3 Rb4 28. Rc7 Rbxb2 29. Re8+ Kh7 30. Rxf7 Rb5 31. h4 Ra4 32. Kg2 Rg4 33. f3 Rg6 34. g4 h5 35. Rff8 Rf6 36. Rh8+ Kg6 37. g5 Rc6 38. Kg3 Rb3 39. Re7 Rd6 40. Rg8 Rdd3 41. Rgxg7+ Kf5 42. Rgf7+ Kg6 43. Rf6# 1-0


[Site "https://www.chess.com"]

[Event "Titled Tuesday Blitz March 21 Early 2023"]
[White "MKlose11"]
[Black "Movahed, Sina"]
[BlackFideId "42520835"]
[WhiteElo "2604"]
[BlackElo "2225"]
[Result "0-1"]
[Round "02"]
[TimeControl "180+2"]
[Date "2023.03.21"]
[WhiteClock "0:00:10"]
[BlackClock "0:00:10"]

1. e4 c5 2. Nc3 d6 3. g3 g6 4. d3 Bg7 5. Bg2 Nc6 6. Be3 Rb8 7. Qd2 b5 8. Nge2 b4 9. Nd1 h5 10. h3 e5 11. O-O Nge7 12. f4 exf4 13. Bxf4 O-O 14. Bh6 Be6 15. Bxg7 Kxg7 16. Nf4 a5 17. Ne3 Qd7 18. Kh2 a4 19. Rf2 Ne5 20. h4 a3 21. b3 N7c6 22. Raf1 Nd4 23. Bh3 Bxh3 24. Nxh3 Ng4+ 25. Nxg4 hxg4 26. Nf4 f5 27. exf5 Rxf5 28. Qd1 Nf3+ 29. Rxf3 gxf3 30. Qxf3 Re8 31. Rf2 Qf7 32. Qg4 Ree5 33. Kg2 Qb7+ 34. Rf3 Qf7 35. Rf2 Kh6 36. Rf3 d5 37. Rf2 c4 38. dxc4 dxc4 39. Kh2 cxb3 40. cxb3 Re4 41. Rg2 Qf6 42. Rc2 Rd4 43. Re2 Rd6 44. Kh3 Rc6 45. Rd2 Rc1 46. Re2 Rh1+ 47. Kg2 Rb1 48. Re6 Qb2+ 49. Re2 Qf6 50. Re6 Qb2+ 51. Re2 Qg7 52. h5 Qb7+ 53. Kf2 Qa7+ 54. Kg2 Rg5 55. Qh4 Qb7+ 56. Kf2 Qb6+ 57. Kg2 Qc6+ 58. Kf2 Qc5+ 59. Kf3 Qc6+ 60. Kf2 Qc5+ 61. Re3 Rb2+ 62. Ne2 Qf5+ 63. Qf4 Qxf4+ 64. gxf4 Rxh5 65. Re4 Rh2+ 66. Kf3 Rh3+ 67. Kg4 Rh5 68. Ng3 Rc5 69. Rxb4 Rxa2 70. Rb6 Rcc2 71. f5 Kg7 72. Rxg6+ Kf7 73. Ra6 Rg2 74. Kf4 Rgf2+ 75. Ke5 Rfb2 76. Ne4 Rxb3 77. Ra7+ Kf8 78. Ng5 Rb5+ 79. Kf6 Rb6+ 80. Ne6+ Kg8 81. Rg7+ Kh8 82. Ra7 Ra1 83. Ke7 a2 84. f6 Rxe6+ 85. Kxe6 Re1+ 86. Kf7 a1=Q 87. Rxa1 Rxa1 88. Kf8 Rf1 89. f7 Kh7 90. Ke8 Kg7 91. f8=Q+ Rxf8+ 0-1


[Site "https://www.chess.com"]

[Event "Titled Tuesday Blitz March 21 Early 2023"]
[White "Mitrabha, Guha"]
[Black "Loiacono, Antonio"]
[WhiteFideId "5057000"]
[BlackFideId "895415"]
[WhiteElo "2507"]
[BlackElo "2257"]
[Result "1-0"]
[Round "02"]
[TimeControl "180+2"]
[Date "2023.03.21"]
[WhiteClock "0:00:22"]
[BlackClock "0:00:11"]

1. b3 d5 2. Bb2 Bg4 3. f3 Bh5 4. Nh3 f6 5. d4 e6 6. Nc3 c6 7. Qd2 Bd6 8. e4 Ne7 9. Bd3 Nd7 10. O-O Qc7 11. f4 O-O-O 12. e5 Bb4 13. a3 Bxc3 14. Bxc3 Bg4 15. Nf2 Bf5 16. Be2 fxe5 17. fxe5 c5 18. Ba5 b6 19. Bc3 Kb8 20. a4 a5 21. dxc5 Nxc5 22. b4 axb4 23. Bxb4 Nc6 24. a5 Ne4 25. Nxe4 Bxe4 26. Rfb1 Kc8 27. Bd6 Rxd6 28. axb6 Qb8 29. exd6 Qxd6 30. b7+ Kc7 31. Ra6 Qc5+ 32. Kh1 Rb8 33. Qg5 Bg6 34. Bd3 Rxb7 35. Rxb7+ Kxb7 36. Ra1 Ne7 37. Rb1+ Kc7 38. Qe5+ Kc8 39. Qxe6+ Kd8 40. Rb7 Bf5 41. Bxf5 1-0


[Site "https://www.chess.com"]

[Event "Titled Tuesday Blitz March 21 Early 2023"]
[White "Svane, Frederik"]
[Black "Lukiyanchuk, Vladislav"]
[WhiteFideId "12923044"]
[BlackFideId "14127113"]
[WhiteElo "2502"]
[BlackElo "2345"]
[Result "1-0"]
[Round "02"]
[TimeControl "180+2"]
[Date "2023.03.21"]
[WhiteClock "0:00:37"]
[BlackClock "0:00:05"]

1. b3 Nc6 2. Bb2 d5 3. e3 a6 4. Nf3 Bf5 5. Nh4 Bg6 6. d4 e6 7. Nxg6 hxg6 8. Be2 Bd6 9. h3 f5 10. c4 Nf6 11. Nc3 g5 12. Qc2 g4 13. a3 gxh3 14. cxd5 exd5 15. Qxf5 Ne7 16. Qf3 h2 17. g3 Qd7 18. Qg2 Qh3 19. Qxh3 Rxh3 20. Kf1 Kf7 21. Kg2 Rah8 22. Bd3 g5 23. b4 c6 24. Raf1 Kg7 25. Bc1 Ng6 26. Bf5 R3h5 27. Bd2 g4 28. Bd3 Rh3 29. Rb1 Nh7 30. Ne2 Ng5 31. Bf5 Nf3 32. Bxg4 Ngh4+ 33. gxh4 Nxh4+ 34. Kxh3 1-0


[Site "https://www.chess.com"]

[Event "Titled Tuesday Blitz March 21 Early 2023"]
[White "Yelisieiev, Yevhenii"]
[Black "Vogel, Roven"]
[WhiteFideId "14139642"]
[BlackFideId "12908088"]
[WhiteElo "2447"]
[BlackElo "2518"]
[Result "0-1"]
[Round "02"]
[TimeControl "180+2"]
[Date "2023.03.21"]
[WhiteClock "0:00:04"]
[BlackClock "0:01:04"]

1. d4 Nf6 2. Nf3 e6 3. c4 b6 4. Qc2 Bb7 5. e3 c5 6. Nc3 cxd4 7. exd4 d5 8. cxd5 Nxd5 9. Bb5+ Bc6 10. Qa4 Bxb5 11. Nxb5 Nd7 12. Ne5 a6 13. Nc3 Nxc3 14. Qxd7+ Qxd7 15. Nxd7 Nd5 16. Ne5 f6 17. Nf3 Kd7 18. Be3 Bd6 19. Rc1 g5 20. Ke2 h5 21. g3 h4 22. Nd2 g4 23. Ne4 Be7 24. Nc3 Bd6 25. Nxd5 exd5 26. Kd3 f5 27. Rhe1 Rae8 28. Bg5 h3 29. Rxe8 Rxe8 30. Bd2 Re4 31. Re1 Rxe1 32. Bxe1 f4 33. Ke2 Ke6 34. Kd3 Kf5 35. a4 Bc7 36. b3 Bd6 37. f3 fxg3 38. fxg4+ Kxg4 39. hxg3 h2 0-1


[Site "https://www.chess.com"]

[Event "Titled Tuesday Blitz March 21 Early 2023"]
[White "Vasquez Schroeder, Rodrigo"]
[Black "Diaz Rosas, Julio Cesar"]
[WhiteFideId "3400042"]
[BlackFideId "5105099"]
[WhiteElo "2600"]
[BlackElo "2270"]
[Result "1-0"]
[Round "02"]
[TimeControl "180+2"]
[Date "2023.03.21"]
[WhiteClock "0:00:20"]
[BlackClock "0:00:04"]

1. d4 Nf6 2. c4 g6 3. g3 Bg7 4. Bg2 d5 5. cxd5 Nxd5 6. Nf3 O-O 7. O-O Nb6 8. Nc3 Nc6 9. e3 a5 10. Nh4 a4 11. a3 Qe8 12. f4 Na5 13. Rb1 Nb3 14. Bd2 c5 15. dxc5 Nc4 16. Bc1 Nxa3 17. bxa3 Bxc3 18. Bb2 Bxb2 19. Rxb2 Qb5 20. Bd5 Qxc5 21. Bxb3 axb3 22. Rxb3 Rxa3 23. Rxa3 Qxa3 24. Qd2 Bg4 25. Rc1 Qa4 26. Rb1 Qe4 27. Rb4 Qc6 28. Ng2 Ra8 29. Rb1 Bf5 30. Rc1 Qe4 31. Ne1 Be6 32. Qd3 Bd5 33. Qxe4 Bxe4 34. Rc7 e6 35. Rc4 f5 36. Rb4 Ra1 37. Kf2 Ra2+ 38. Kf1 Kf7 39. h4 Ke7 40. Rd4 Kf6 41. Nd3 Bxd3+ 42. Rxd3 Ke7 43. Rb3 Ra7 44. Rb6 Kd7 45. Ke2 Ra2+ 46. Kf3 Ra7 47. g4 Ke7 48. h5 Kf7 49. hxg6+ hxg6 50. gxf5 gxf5 51. e4 fxe4+ 52. Kxe4 Ke7 53. Ke5 Ra5+ 54. Ke4 Ra4+ 55. Ke5 Ra7 56. Rxe6+ Kf7 57. Rb6 Ra5+ 58. Ke4 Ra4+ 59. Kf5 Ra5+ 60. Kg4 Ra7 61. Kg5 Ra5+ 62. f5 Ra7 63. Rh6 Kg7 64. f6+ Kg8 65. Kg6 b5 66. Rh5 b4 67. Rb5 Ra8 68. Rb7 Rc8 69. Rxb4 Ra8 70. Rh4 Rc8 71. f7+ Kf8 72. Rh8+ Ke7 73. Rxc8 1-0


[Site "https://www.chess.com"]

[Event "Titled Tuesday Blitz March 21 Early 2023"]
[White "Sokac, Marko"]
[Black "Kravtsiv, Martyn"]
[WhiteFideId "14531356"]
[BlackFideId "14113147"]
[WhiteElo "2355"]
[BlackElo "2695"]
[Result "0-1"]
[Round "02"]
[TimeControl "180+2"]
[Date "2023.03.21"]
[WhiteClock "0:00:49"]
[BlackClock "0:00:40"]

1. e4 c5 2. a3 d6 3. b4 Nf6 4. Nc3 g6 5. Bb2 Bg7 6. Rb1 O-O 7. Nf3 b6 8. bxc5 dxc5 9. Bc4 Nc6 10. O-O Bg4 11. h3 Bxf3 12. Qxf3 Ne5 13. Qe2 Nh5 14. Bd5 Rb8 15. f4 Ng3 16. Qe1 Nxf1 17. fxe5 Nxd2 18. Qxd2 e6 19. Nb5 Qd7 20. c4 exd5 21. exd5 a6 22. Nd6 f6 23. exf6 Bxf6 24. Bxf6 Rxf6 25. Ne4 Rf5 26. Nxc5 Qc8 27. Ne4 Qxc4 28. Re1 Rbf8 29. d6 Rd5 30. Qh6 Qd4+ 31. Kh1 Re5 32. d7 Qxd7 33. Nf6+ Rxf6 34. Rxe5 Qd1+ 35. Kh2 Qd6 0-1


[Site "https://www.chess.com"]

[Event "Titled Tuesday Blitz March 21 Early 2023"]
[White "Gharibyan, Mamikon"]
[Black "Taboas Rodriguez, Daniel"]
[WhiteFideId "13308300"]
[BlackFideId "2208466"]
[WhiteElo "2445"]
[BlackElo "2365"]
[Result "0-1"]
[Round "02"]
[TimeControl "180+2"]
[Date "2023.03.21"]
[WhiteClock "0:00:04"]
[BlackClock "0:00:18"]

1. Nf3 Nf6 2. g3 b6 3. Bg2 Bb7 4. c4 g6 5. O-O Bg7 6. Nc3 O-O 7. Qc2 c5 8. e4 Nc6 9. d3 Ne8 10. a3 Nc7 11. Rb1 a5 12. Be3 Ne6 13. Ne2 d6 14. Rfe1 Qc7 15. Qc1 Rfb8 16. Bh6 Bh8 17. h4 Ncd4 18. Nc3 Nxf3+ 19. Bxf3 Nd4 20. Bg2 e6 21. h5 Bc6 22. Nd1 b5 23. Ne3 bxc4 24. dxc4 Rb3 25. Ng4 Rab8 26. Qf4 f5 27. exf5 exf5 28. hxg6 fxg4 29. Bxc6 Nxc6 30. Qxg4 Nd4 31. gxh7+ Kxh7 32. Qh5 Nf3+ 33. Kf1 Kg8 34. Re4 Ne5 35. Rh4 Qf7 36. Qg5+ Qg6 37. Rd1 Qxg5 38. Bxg5 Nf3 39. Rh5 Bd4 40. Kg2 Nxg5 41. Rxg5+ Kf7 42. Rh1 Rxb2 43. Rf5+ Ke6 44. g4 Rg8 45. Kg3 Rxf2 46. Rxf2 Bxf2+ 47. Kxf2 Rxg4 48. Rc1 Ke5 49. Kf3 Rh4 50. Ke2 Rh3 51. a4 Ra3 52. Kd2 Rxa4 53. Kc3 Ra3+ 54. Kb2 Rh3 55. Rd1 a4 56. Rd5+ Ke6 57. Rd1 Rb3+ 58. Ka2 Rb4 59. Re1+ Kd7 60. Rc1 Kc6 61. Ka3 Kd7 62. Rc2 Ke6 63. Re2+ Kd7 64. Rc2 Kc7 65. Rc1 Kc6 66. Rc2 Kb6 67. Rc1 Ka5 68. Rd1 Rxc4 69. Rxd6 Rc3+ 70. Kb2 Kb4 71. Rb6+ Kc4 72. Ra6 a3+ 73. Ka2 Rh3 74. Ra4+ Kb5 75. Rxa3 Rxa3+ 76. Kxa3 Kc4 77. Kb2 Kd3 78. Kc1 Kc3 79. Kb1 Kd2 80. Kb2 c4 0-1


[Site "https://www.chess.com"]

[Event "Titled Tuesday Blitz March 21 Early 2023"]
[White "Ordekalog"]
[Black "Rustemov, Alexander"]
[BlackFideId "4119002"]
[WhiteElo "2591"]
[BlackElo "2864"]
[Result "0-1"]
[Round "02"]
[TimeControl "180+2"]
[Date "2023.03.21"]
[WhiteClock "0:00:30"]
[BlackClock "0:01:23"]

1. e4 e6 2. Bb5 a6 3. Ba4 b5 4. Bb3 c5 5. d3 Nc6 6. c3 Nf6 7. Nf3 d5 8. e5 Nd7 9. d4 Be7 10. O-O a5 11. a3 Ba6 12. Re1 Qb6 13. Bf4 O-O 14. Nbd2 b4 15. axb4 axb4 16. Nf1 Bxf1 17. Rxf1 Rxa1 18. Qxa1 bxc3 19. Ba4 cxb2 20. Qb1 Rb8 21. h4 Nf8 22. h5 Nxd4 23. Nxd4 cxd4 24. Bc2 Ra8 0-1


[Site "https://www.chess.com"]

[Event "Titled Tuesday Blitz March 21 Early 2023"]
[White "Zhigalko, Sergei"]
[Black "Aaditya Dhingra"]
[WhiteFideId "13502956"]
[BlackFideId "25678191"]
[WhiteElo "2626"]
[BlackElo "2083"]
[Result "1/2-1/2"]
[Round "02"]
[TimeControl "180+2"]
[Date "2023.03.21"]
[WhiteClock "0:00:21"]
[BlackClock "0:00:03"]

1. e4 c5 2. Nf3 Nc6 3. c3 Nf6 4. e5 Nd5 5. Bc4 e6 6. d4 cxd4 7. cxd4 d6 8. O-O Be7 9. Bd2 O-O 10. Nc3 dxe5 11. dxe5 Nxc3 12. Bxc3 Qxd1 13. Rfxd1 Rd8 14. Rxd8+ Bxd8 15. Rd1 Be7 16. Bd3 Kf8 17. a3 Ke8 18. h4 h6 19. Be4 Bd7 20. h5 Rc8 21. g4 b5 22. Kg2 a5 23. Kg3 b4 24. axb4 Nxb4 25. Nd4 Bc5 26. f4 a4 27. g5 Nd5 28. Bxd5 exd5 29. g6 Bxd4 30. Rxd4 fxg6 31. hxg6 a3 32. Rxd5 axb2 33. Bxb2 Rc6 34. Rd6 Rxd6 35. exd6 Kf8 36. Ba3 Ke8 37. Bb2 Kf8 38. Kh4 Bf5 39. Kh5 Kg8 40. Bc3 Kf8 41. Bd4 Be6 42. Bc5 Ke8 43. Ba3 Bf5 44. Bb2 Kf8 45. Kh4 Bxg6 46. Bxg7+ Ke8 47. Bxh6 Kd7 48. Kg5 Bd3 49. Bf8 Ke6 50. Be7 Be4 51. Bf8 Bd3 52. Kg4 Be4 53. Be7 Bd3 54. Kf3 Bc2 55. Ke3 Bb1 56. Kd4 Bc2 57. Kc5 Kd7 58. Kd5 Bd3 59. Ke5 Bg6 60. Kf6 Bh5 61. f5 Ke8 62. Kg7 Bg4 63. f6 Be6 64. Kg6 Bd5 65. Kg7 Be6 66. Kh6 Bd5 67. Kg5 Be6 68. Kg6 Bd5 69. Kh7 Be6 70. Kh8 Bd5 71. Bf8 Be6 72. Bh6 Kf7 73. Bg5 Bf5 74. Bh4 Bd7 75. Kh7 Ke6 76. Kg7 Be8 77. Bg5 Kxd6 78. Kf8 Bh5 79. Bf4+ Ke6 80. Kg7 Bf7 81. Bg3 Be8 82. Bc7 Bf7 83. Bd8 Be8 84. Kh6 Bf7 85. Be7 Be8 86. Kh7 Bf7 87. Kg7 Be8 88. Kf8 Bf7 89. Bd8 Bh5 90. Kg7 Bf7 91. Be7 Be8 92. Kh7 Bf7 93. Kh8 Be8 94. Kg7 Bf7 95. Bd8 Be8 96. Kf8 Bf7 97. Be7 Bh5 98. Kg7 Bf7 99. Bd8 1/2-1/2


[Site "https://www.chess.com"]

[Event "Titled Tuesday Blitz March 21 Early 2023"]
[White "Moussard, Jules"]
[Black "Denishev, Marat"]
[WhiteFideId "642908"]
[BlackFideId "24131563"]
[WhiteElo "2610"]
[BlackElo "2302"]
[Result "1-0"]
[Round "02"]
[TimeControl "180+2"]
[Date "2023.03.21"]
[WhiteClock "0:01:54"]
[BlackClock "0:01:15"]

1. Nf3 Nf6 2. g3 b6 3. Bg2 Bb7 4. d3 g6 5. e4 Bg7 6. c4 d6 7. O-O O-O 8. Nc3 c5 9. a3 Nc6 10. Rb1 a5 11. h3 Ne8 12. Be3 Nc7 13. d4 cxd4 14. Nxd4 Ne6 15. Nxe6 fxe6 16. Na4 Ra6 17. b4 Ne5 18. b5 Ra8 19. Nxb6 Rb8 20. f4 Nf7 21. Qd2 e5 22. f5 gxf5 23. Rxf5 e6 24. Rff1 Bc8 25. Nxc8 Qxc8 26. Rbc1 a4 27. Kh2 Kh8 28. Qb4 Bh6 29. Bxh6 Nxh6 30. Qxd6 1-0


[Site "https://www.chess.com"]

[Event "Titled Tuesday Blitz March 21 Early 2023"]
[White "Crevatin, Leo"]
[Black "Harsha Bharathakoti"]
[WhiteFideId "1726307"]
[BlackFideId "5078776"]
[WhiteElo "2190"]
[BlackElo "2481"]
[Result "1/2-1/2"]
[Round "02"]
[TimeControl "180+2"]
[Date "2023.03.21"]
[WhiteClock "0:00:10"]
[BlackClock "0:00:18"]

1. e4 e6 2. d4 d5 3. Nc3 Be7 4. Nf3 Nf6 5. exd5 exd5 6. Bd3 Bg4 7. h3 Bh5 8. Be2 O-O 9. O-O Nbd7 10. Bf4 c6 11. Ne5 Bxe2 12. Nxe2 Nxe5 13. Bxe5 Re8 14. Ng3 Nd7 15. Bf4 Nf8 16. Nf5 Ne6 17. Be5 f6 18. Bg3 Bf8 19. c3 g6 20. Ne3 Qb6 21. Qc2 Ng5 22. Rfe1 Ne4 23. Bh2 Rad8 24. f3 Ng5 25. h4 Nf7 26. h5 f5 27. hxg6 hxg6 28. Bf4 c5 29. Rad1 cxd4 30. cxd4 Bg7 31. Qd2 Re6 32. b3 Qb5 33. Nc2 Rde8 34. Rxe6 Rxe6 35. Re1 Rxe1+ 36. Nxe1 g5 37. Bxg5 Nxg5 38. Qxg5 Qe2 39. Qd8+ Kh7 40. Qh4+ Kg8 41. Qd8+ Kh7 42. Qh4+ Kg6 43. Qg3+ Kh7 44. Qh4+ 1/2-1/2


[Site "https://www.chess.com"]

[Event "Titled Tuesday Blitz March 21 Early 2023"]
[White "Budisavljevic, Luka"]
[Black "Ahmadzada, Ahmad"]
[WhiteFideId "960047"]
[BlackFideId "13413007"]
[WhiteElo "2424"]
[BlackElo "2388"]
[Result "0-1"]
[Round "02"]
[TimeControl "180+2"]
[Date "2023.03.21"]
[WhiteClock "0:00:06"]
[BlackClock "0:00:12"]

1. d4 Nf6 2. c4 c5 3. d5 e6 4. Nc3 exd5 5. cxd5 d6 6. e4 g6 7. h3 Bg7 8. Nf3 O-O 9. Bd3 Re8 10. O-O a6 11. a4 Nbd7 12. Re1 Nh5 13. Be2 Nhf6 14. Bd3 Nh5 15. Be2 Rb8 16. Bg5 Bf6 17. Be3 Ng7 18. Nd2 g5 19. a5 Ne5 20. Qc2 b5 21. axb6 Rxb6 22. Reb1 h5 23. Ra3 g4 24. hxg4 hxg4 25. g3 Bg5 26. Nd1 f5 27. Kg2 Rb4 28. Bxg5 Qxg5 29. Ne3 f4 30. gxf4 Qxf4 31. Rh1 Rf8 32. Nd1 Rd4 33. Re3 Bd7 34. Nf1 Ba4 35. b3 Bb5 36. Bxb5 Rxd1 37. Qe2 axb5 38. Rh4 Rb1 39. Nh2 Nf3 40. Nxg4 Rg1+ 41. Kh3 Ng5# 0-1


[Site "https://www.chess.com"]

[Event "Titled Tuesday Blitz March 21 Early 2023"]
[White "Koellner, Ruben Gideon"]
[Black "Drygalov, Andrey"]
[WhiteFideId "12993093"]
[BlackFideId "24171735"]
[WhiteElo "2303"]
[BlackElo "2471"]
[Result "0-1"]
[Round "02"]
[TimeControl "180+2"]
[Date "2023.03.21"]
[WhiteClock "0:00:03"]
[BlackClock "0:00:18"]

1. d4 Nf6 2. Nf3 d5 3. Nbd2 c5 4. e3 Nc6 5. c3 g6 6. dxc5 Bg7 7. Bd3 O-O 8. e4 Bg4 9. O-O dxe4 10. Nxe4 Bxf3 11. Nxf6+ Bxf6 12. gxf3 Qc7 13. Be3 Be5 14. h3 Rfd8 15. Qe2 Qd7 16. Be4 Qxh3 17. f4 Bf6 18. Qf3 Qe6 19. Rfd1 Kg7 20. Bd5 Qc8 21. Kg2 Qc7 22. Rh1 e6 23. Be4 Rab8 24. Qh3 h5 25. Qg3 Rh8 26. Kf3 Ne7 27. Rad1 Nf5 28. Bxf5 exf5 29. Kg2 Qa5 30. a3 Qb5 31. Rd2 Rbd8 32. Rhd1 Rxd2 33. Rxd2 h4 34. Qf3 h3+ 35. Kh2 Qf1 36. Rd1 Qb5 37. Rd2 Rh4 38. Qd5 Rg4 39. Qd3 Qc6 40. Qd5 Qa6 41. Qd3 Qa4 42. Kxh3 Qe8 43. Qd8 Bxd8 44. Bd4+ Bf6 45. Bxf6+ Kxf6 46. Rd6+ Kg7 47. f3 Qh8# 0-1


[Site "https://www.chess.com"]

[Event "Titled Tuesday Blitz March 21 Early 2023"]
[White "Vakhlamov, Igor L."]
[Black "Garv Gaur"]
[WhiteFideId "24126748"]
[BlackFideId "45030839"]
[WhiteElo "2400"]
[BlackElo "2068"]
[Result "1-0"]
[Round "02"]
[TimeControl "180+2"]
[Date "2023.03.21"]
[WhiteClock "0:00:14"]
[BlackClock "0:00:05"]

1. e4 g6 2. d4 Bg7 3. Nf3 c6 4. Nc3 d5 5. Bd3 dxe4 6. Nxe4 Nf6 7. h3 O-O 8. O-O a5 9. a4 Na6 10. c3 Nc7 11. Re1 Ncd5 12. Bg5 Bf5 13. Nxf6+ exf6 14. Bh4 Bxd3 15. Qxd3 Qd7 16. Bg3 Rfe8 17. Nd2 f5 18. Be5 Rad8 19. Bxg7 Kxg7 20. Nc4 Qc7 21. Qf3 Nf6 22. Qg3 Qxg3 23. fxg3 Ne4 24. Kh2 Ra8 25. Re2 h5 26. Rae1 b5 27. Ne5 Rec8 28. axb5 cxb5 29. Re3 a4 30. g4 hxg4 31. hxg4 a3 32. gxf5 axb2 33. Rb1 Ra2 34. Rxe4 Rxc3 35. Re2 gxf5 36. Rexb2 Ra4 37. Nf3 Rd3 38. Rxb5 Ra2 39. R5b2 Ra8 40. Kg1 f4 41. Re2 Kf6 42. Rf1 Kf5 43. Re5+ Kg6 44. Re4 Ra2 45. Ne5+ Kh5 46. Nxd3 1-0


[Site "https://www.chess.com"]